 Dungeon Crawl Stone Soup version 0.29-a0-221-gceb61267dd (webtiles) character file.

Game seed: 13936861179904994291

100 dolemite99 the Bolt Thrower (level 4, -3/35 HPs)
             Began as a Ghoul Arcane Marksman on Feb 27, 2022.
             Was a Follower of Fedhas.
             Killed from afar by Natasha (6 damage)
             ... with a magic dart
             ... on level 2 of the Dungeon.
             The game lasted 00:02:37 (3102 turns).

dolemite99 the Bolt Thrower (Ghoul Arcane Marksman) Turns: 3102, Time: 00:02:38

Health: -3/35      AC:  5    Str: 15    XL:     4   Next: 73%
Magic:  4/4        EV: 10    Int:  8    God:    Fedhas [*.....]
Gold:   90         SH:  0    Dex:  9    Spells: 4/5 levels left

rFire   . . .      SeeInvis .   a - +0 hand crossbow
rCold   + . .      Faith    .   (no shield)
rNeg    + + +      Spirit   .   f - +0 ring mail
rPois   ∞          Reflect  .   (no helmet)
rElec   .          Harm     .   (no cloak)
rCorr   .          Rampage  .   (no gloves)
Will    .....                   (no boots)
Stlth   ..........              (no amulet)
HPRegen 0.00/turn               (no ring)
MPRegen 0.09/turn               (no ring)

@: inhibited regen
A: claws 1, cold resistance 1, negative energy resistance 3, inhibited
regeneration, torment resistance 2
a: Renounce Religion


You were on level 2 of the Dungeon.
You worshipped Fedhas.
Fedhas was aware of your devotion.
You visited 1 branch of the dungeon, and saw 2 of its levels.

You collected 90 gold pieces.

Inventory:

Hand Weapons
 a - a +0 hand crossbow (weapon)
 b - a +1 vorpal mace
 h - a +1 dagger of flaming
Missiles
 l - 57 stones
Armour
 f - a +0 ring mail (worn)
 g - a +0 robe
 k - a +0 chain mail
Jewellery
 j - a ring of see invisible
Potions
 d - a potion of resistance {unknown}
 e - 3 potions of lignification
 i - a potion of flight {unknown}
 n - a potion of curing {unknown}


   Skills:
 - Level 1.1 Fighting
 + Level 4.3 Crossbows
 - Level 1.7 Dodging
 - Level 1.0 Spellcasting
 - Level 2.4 Hexes


You had 4 spell levels left.
You knew the following spells:

 Your Spells              Type           Power      Damage    Failure   Level
a - Slow                  Hex            16%        N/A       30%         1

Your spell library contained the following spells:

 Spells                   Type           Power      Damage    Failure   Level
 Inner Flame              Hex/Fire       2%         N/A       82%         3
 Portal Projectile        Hex/Tloc       4%         N/A       82%         3
 Conjure Flame            Conj/Fire      0%         6-21      93%         3
 Ignite Poison            Fire/Tmut/Pois 0%         N/A       93%         3
 Cause Fear               Hex            2%         N/A       96%         4
 Sticky Flame             Conj/Fire      0%         2d3       100%        4


Dungeon Overview and Level Annotations

Branches:
Dungeon (2/15)

Altars:
Fedhas

Annotations:
D:2 Natasha


Innate Abilities, Weirdness & Mutations

You thrive by killing the living.
You are immune to poison.
You have sharp fingernails.
Your flesh is cold resistant. (rC+)
You are immune to negative energy. (rN+++)
You do not regenerate when monsters are visible.
You are immune to unholy pain and torment.


Message History

The bolt hits Natasha but does no damage.
Natasha claws you.
Natasha stares at you and mumbles some strange words.
The magic dart hits you.
You are too injured to fight recklessly!
Shoot: a) +0 hand crossbow
Press: ? - help, Shift-Dir - straight line, f/p - Natasha
Aim: Natasha (50% to hit)
You shoot a bolt. The bolt hits Natasha.
Natasha is moderately wounded.
Natasha claws you.
Shoot: a) +0 hand crossbow
Press: ? - help, Shift-Dir - straight line, f/p - Natasha
Aim: Natasha (moderately wounded, 50% to hit)
You shoot a bolt. The bolt barely misses Natasha.
The bolt hits the iron imp but does no damage.
Natasha claws you.
Shoot: a) +0 hand crossbow
Press: ? - help, Shift-Dir - straight line, f/p - Natasha
Aim: Natasha (moderately wounded, 50% to hit)
You shoot a bolt. The bolt hits Natasha.
Natasha is heavily wounded.
Natasha closely misses you. x2
Shoot: a) +0 hand crossbow
Press: ? - help, Shift-Dir - straight line, f/p - Natasha
Aim: Natasha (heavily wounded, 50% to hit)
You shoot a bolt. The bolt barely misses Natasha.
The bolt hits the iron imp.
The iron imp is moderately wounded.
Natasha casts a spell at you. The magic dart hits you!
* * * LOW HITPOINT WARNING * * *
Shoot: a) +0 hand crossbow
Press: ? - help, Shift-Dir - straight line, f/p - Natasha
Aim: Natasha (heavily wounded, 50% to hit)
You shoot a bolt. The bolt hits Natasha!
Natasha is almost dead.
Natasha casts a spell at you. The magic dart hits you.
You die...
Fedhas appreciates your contribution to the ecosystem.

.#.....#########.................
.#.....##..........############.#
...#.#.##.######.#.##.........#.#
.#.#.#.##.# #.#.##...........#
.....#....######.#..........<.###
.............................>...
##.#............5.............###
#.##.######.###h################
#.##..# #.# #@...............#
#.###.## #†# ##.#############.#
##.###[.####.# #.# #.#
...........#.# #.#############.#
.#.####.##.#.# #.............#.#
.#.# #..#.#.# ###.####.####.#.#
.#.# ##.#.#+## #.#..#.#.⌠#.#.#
.#.# #.#....# #.#..'.'..#.#.#
.#.# #......# #.#'##.####.#.#


You could see an iron imp (summoned) and Natasha.

Vanquished Creatures
  Natasha (twice) (D:2)
  A dart slug (D:1)
  4 ball pythons
  4 bats
  4 endoplasms
  3 giant cockroaches (D:1)
  2 hobgoblins
  7 jackals (D:2)
  2 quokkas
  2 frilled lizards (D:1)
  6 goblins
  4 kobolds (D:1)
41 creatures vanquished.

Notes
Turn   | Place    | Note
-------+----------+-------------------------------------------
     0 | D:1      | dolemite99 the Ghoul Arcane Marksman began the quest for
                  | the Orb.
     0 | D:1      | Reached XP level 1. HP: 16/16 MP: 1/1
    21 | D:1      | Reached skill level 2 in Crossbows
   426 | D:1      | Reached XP level 2. HP: 23/23 MP: 2/2
   524 | D:1      | Found a faded altar of an unknown god.
   733 | D:1      | Reached skill level 3 in Crossbows
   835 | D:1      | Reached XP level 3. HP: 25/28 MP: 3/3
  1347 | D:1      | Prayed at the altar of an unknown god.
  1347 | D:1      | Became a worshipper of Fedhas Madash
  1347 | D:1      | Reached * piety under Fedhas
  1907 | D:2      | Noticed Natasha
  1921 | D:2      | Killed Natasha
  1922 | D:2      | Reached skill level 4 in Crossbows
  1922 | D:2      | Reached XP level 4. HP: 17/35 MP: 4/4
  2291 | D:2      | Noticed Natasha
  2302 | D:2      | Killed Natasha
  3093 | D:2      | Noticed Natasha
  3102 | D:2      | Killed from afar by Natasha

Illustrated notes

Levels and vault maps discovered:
D:1:      wander_arrival_lonely_grave, layout_loops_corners,
          shapermc_ecumenical_altar_hornbeckon
D:2:      minmay_door_path, layout_basic, uniq_natasha

Skill      XL: |  1  2  3 |
---------------+----------+-----
Crossbows      | 2 3 4 |  4.3
Fighting       | |  1.1
Dodging        | |  1.7
Spellcasting   | |  1.0
Hexes          | |  2.4

Action                   |  1- 3 |  4- 6 || total
-------------------------+-------+-------++-------
 Fire: Hand crossbow     |   134 |    26 ||   160
  Use: Scroll            |       |     2 ||     2
Armor: Ring mail         |    36 |     7 ||    43
Dodge: Dodged            |    75 |     8 ||    83

Table legend: (Time is in decaauts)
 A = Elapsed time spent in this place.
 B = Non-inter-level travel time spent in this place.
 C = Inter-level travel time spent in this place.
 D = Time resting spent in this place.
 E = Time spent auto-exploring this place.
 F = Levels seen in this place.
 G = Mean time per level.
                   A        B        C        D        E       F      G
               +--------+--------+--------+--------+--------+-----+--------+
         Total |   3185 |   3144 |     41 |    910 |   1805 |   2 | 1592.5 |
       Dungeon |   3185 |   3144 |     41 |    910 |   1805 |   2 | 1592.5 |
               +--------+--------+--------+--------+--------+-----+--------+

Top non-repeatable levels by time:
     D:2: 1759 daAuts
     D:1: 1426 daAuts
